 Seeded DCSS version 0.30-a0-726-gd89dcf765f (webtiles) character file.

Game seed: 5772684963948250150 (custom seed)

7 valliere the Caller (level 2, 12/17 HPs)
             Began as a Gnoll Summoner on Jan 30, 2023.
             Quit the game on level 1 of the Dungeon.
             The game lasted 00:00:36 (425 turns).

valliere the Caller (Gnoll Summoner)                 Turns: 425, Time: 00:00:37

Health: 12/17      AC:  2    Str:  7    XL:     2   Next: 4%
Magic:  4/7        EV: 13    Int: 14    God:
Gold:   32         SH:  0    Dex: 12    Spells: 9/10 levels left

rFire   . . .      SeeInvis .    (no weapon)
rCold   . . .      Faith    .    (no shield)
rNeg    . . .      Spirit   .    a - +0 robe
rPois   .          Reflect  .    (no helmet)
rElec   .          Harm     .    (no cloak)
rCorr   .          Rampage  .    (no gloves)
Will    .....                    (no boots)
Stlth   ++                       (no amulet)
HPRegen 0.22/turn                (no ring)
MPRegen 0.10/turn                (no ring)

@: no status effects
A: fangs 1, strong nose, distributed training, deterioration 1, frail 1
a: no special abilities


You were on level 1 of the Dungeon.
You visited 1 branch of the dungeon, and saw 1 of its levels.

You collected 32 gold pieces.

Inventory:

Armour
 a - a +0 robe (worn)
Scrolls
 c - a scroll of identify {unknown}
 d - a scroll of blinking {unknown}
 h - a scroll of poison {unknown}
 j - a scroll of immolation {unknown}
Potions
 b - a potion of magic
 e - a potion of berserk rage {unknown}
 f - a potion of curing {unknown}
 g - a potion of flight {unknown}


   Skills:
 + Level 0.2 Fighting
 + Level 0.2 Short Blades
 + Level 0.2 Long Blades
 + Level 0.2 Axes
 + Level 0.2 Maces & Flails
 + Level 0.2 Polearms
 + Level 0.2 Staves
 + Level 0.2 Ranged Weapons
 + Level 0.2 Throwing
 + Level 0.2 Armour
 + Level 4.4 Dodging
 + Level 4.0 Stealth
 + Level 0.2 Shields
 + Level 0.2 Unarmed Combat
 + Level 4.9 Spellcasting
 + Level 0.1 Conjurations
 + Level 0.1 Hexes
 + Level 7.0 Summonings
 + Level 0.1 Necromancy
 + Level 0.1 Translocations
 + Level 0.1 Transmutations
 + Level 0.1 Fire Magic
 + Level 0.1 Ice Magic
 + Level 0.1 Air Magic
 + Level 0.1 Earth Magic
 + Level 0.1 Poison Magic
 + Level 0.3 Invocations
 + Level 0.2 Evocations


You had 9 spell levels left.
You knew the following spells:

 Your Spells              Type           Power      Damage    Failure   Level
a - Summon Small Mammal   Summ           92%        N/A       1%          1

Your spell library contained the following spells:

 Spells                   Type           Power      Damage    Failure   Level
 Call Imp                 Summ           23%        N/A       1%          2
 Call Canine Familiar     Summ           23%        N/A       3%          3
 Summon Guardian Golem    Hex/Summ       13%        N/A       12%         3
 Summon Lightning Spire   Summ/Air       13%        N/A       36%         4
 Ignite Poison            Fire/Tmut/Pois 3%         N/A       45%         3
 Kindle Blastsparks       Fire/Tloc/Air  6%         2d10      45%         3
 Freezing Cloud           Conj/Ice/Air   1%         6-21      99%         5


Dungeon Overview and Level Annotations

Branches:
Dungeon (1/15)

Altars:

Shops:
D:1 (


Innate Abilities, Weirdness & Mutations

You have very sharp teeth.
Your uncanny sense of smell can sniff out nearby items.
Your experience applies equally to all skills.
Your body sometimes deteriorates upon taking damage.
You are frail. (-10% HP)


Message History

You hit the frilled lizard but do no damage.
Your bite misses the frilled lizard.
Your rat barely misses the frilled lizard.
The frilled lizard bites you.
You miss the frilled lizard.
Your rat bites the frilled lizard.
The frilled lizard dies!
No target in view!
Your rat disappears in a puff of smoke!
Your quokka disappears in a puff of smoke!
h - a scroll labelled KECVAHONEA
Okay, then.
i - a blue potion You open the door.
There is an open door here.
You see here a quokka skeleton.
Found 3 stones.
You enter the shallow water.
Moving in this stuff is going to be slow.
j - a scroll labelled DITEDO KUXONT No target in view!
A kobold comes into view. It is wielding a +0 short sword.
The kobold shouts!
A kobold is nearby!
A kobold is nearby!
The kobold barely misses you.
The kobold hits you with a +0 short sword.
The kobold hits you with a +0 short sword.
Your quokka closely misses the kobold.
You hit the kobold but do no damage.
The kobold hits you with a +0 short sword.
Your quokka bites the kobold.
You strike the helpless kobold from behind!
You hit the kobold but do no damage.
The kobold is severely wounded.
The kobold barely misses you.
Your quokka bites the kobold.
The kobold dies!
You have reached level 2!
It was a potion of mutation.
You feel extremely strange.
You feel frail.
You feel yourself wasting away.
Are you sure you want to abandon this character and quit the game? (Confirm with "yes".)

...# #..##........
#.####......######
##.......###.#
####...###......#
#≈≈≈≈~~# #.######
####...# ..# ##..#
### #.#####.#
#....r@r#
#########


You could see 2 friendly quokkas.

Vanquished Creatures (collateral kills)
  A goblin (D:1)
  2 kobolds (D:1)
  A quokka (D:1)
  A frilled lizard (D:1)
  2 rats (D:1)
7 creatures vanquished.

Notes
Turn   | Place    | Note
-------+----------+-------------------------------------------
     0 | D:1      | valliere the Gnoll Summoner began the quest for the Orb.
     0 | D:1      | Reached XP level 1. HP: 13/13 MP: 6/6
    51 | D:1      | Found Tisut's Weapon Shoppe.
   424 | D:1      | Reached XP level 2. HP: 12/19 MP: 4/7
   424 | D:1      | Gained mutation: You are frail. (-10% HP) [potion of
                  | mutation]
   424 | D:1      | Gained mutation: Your body sometimes deteriorates upon
                  | taking damage. [potion of mutation]
   425 | D:1      | Quit the game

Illustrated notes

Levels and vault maps discovered:
D:1:      sevenhm_arrival_forest_fort_small_3, layout_basic, serial_shops, shop,
          nicolae_shop_trees, shop, shop, corner_web_ring,
          chequers_serial_rivers_micro_b, serial_bayou_pond_e

Action                     || total
---------------------------++-------
  Melee: Unarmed           ||    16
         Bite              ||     2
   Cast: Summon Small Mamm ||    13
    Use: Potion            ||     1
   Stab: Distracted        ||     1
         Sleeping          ||     1
 Armour: Robe              ||     1
  Dodge: Dodged            ||    10

Table legend: (Time is in decaauts)
 A = Elapsed time spent in this place.
 B = Non-inter-level travel time spent in this place.
 C = Inter-level travel time spent in this place.
 D = Time resting spent in this place.
 E = Time spent auto-exploring this place.
 F = Levels seen in this place.
 G = Mean time per level.
                   A        B        C        D        E       F      G
               +--------+--------+--------+--------+--------+-----+--------+
         Total |    425 |    425 |      0 |      0 |    360 |   1 |  425.0 |
       Dungeon |    425 |    425 |      0 |      0 |    360 |   1 |  425.0 |
               +--------+--------+--------+--------+--------+-----+--------+

Top non-repeatable levels by time:
     D:1: 425 daAuts
